 Dungeon Crawl Stone Soup version 0.26.1-2-gb8aa6d0cf2 (webtiles) character file.

Game seed: 1265139406741514399

3107 Amplified the Reanimator (level 9, -7/88 HPs)
             Began as a Deep Elf Necromancer on Mar 24, 2021.
             Was a Follower of Sif Muna.
             Mangled by a warg (14 damage)
             ... on level 9 of the Dungeon.
             The game lasted 00:18:37 (11904 turns).

Amplified the Reanimator (Deep Elf Necromancer)    Turns: 11904, Time: 00:18:37

Health: -7/88      AC:  5    Str:  6 (7)  XL:     9   Next: 60%
Magic:  33/33      EV: 17    Int: 19 (22) God:    Sif Muna [*.....]
Gold:   558        SH:  0    Dex: 13 (15) Spells: 8/26 levels left

rFire    . . .     SeeInvis +   u - +3 spear (pain)
rCold    . . .     Faith    .   (no shield)
rNeg     . . .     Spirit   .   a - +0 robe
rPois    .         Reflect  .   e - +2 helmet
rElec    +         Harm     .   s - +0 cloak
rCorr    .         Rampage  .   (no gloves)
Will     .....                  (no boots)
Stlth    ..........             (no amulet)
HPRegen  0.24/turn              l - ring of see invisible
MPRegen  0.23/turn              n - ring of magical power

@: mighty, berserking, very quick
A: deformed body, robust 1, electricity resistance
a: Renounce Religion, Channel Magic


You were on level 9 of the Dungeon.
You worshipped Sif Muna.
Sif Muna was aware of your devotion.
You visited 2 branches of the dungeon, and saw 10 of its levels.
You also visited: Sewer.

You collected 558 gold pieces.

Inventory:

Hand Weapons
 c - a +2 dire flail of holy wrath
 j - a +0 spectral dagger
 u - a +3 spear of pain (weapon)
Missiles
 d - 30 poisoned darts (quivered)
Armour
 a - a +0 robe (worn)
 e - a +2 helmet (worn)
 s - a +0 cloak (worn)
 v - a +2 tower shield
 w - a +0 troll leather armour
Jewellery
 l - a ring of see invisible (left hand)
 n - a ring of magical power (right hand)
Wands
 b - a wand of polymorph (5)
 g - a wand of flame (13)
 o - a wand of disintegration (19)
 x - a wand of iceblast (3)
Scrolls
 i - 7 scrolls of remove curse
 p - a scroll of magic mapping
 t - a scroll of torment
Potions
 f - a potion of berserk rage
 h - 3 potions of flight
 k - 3 potions of curing
 m - a potion of brilliance
 q - 4 potions of heal wounds


   Skills:
 * Level 5.5 Fighting
 * Level 8.4 Dodging
 - Level 2.4 Stealth
 * Level 9.3 Spellcasting
 * Level 9.4 Necromancy


You had 8 spell levels left.
You knew the following spells:

 Your Spells              Type           Power        Failure   Level
a - Pain                  Necr           100%         1%          1
b - Animate Skeleton      Necr           88%          1%          1
c - Vampiric Draining     Necr           22%          1%          3
d - Animate Dead          Necr           22%          1%          4
e - Agony                 Necr           44%          4%          5
f - Corona                Hex            8%           9%          1
g - Gell's Gravitas       Tloc           4%           24%         3

Your spell library contained the following spells:

 Spells                   Type           Power        Failure   Level
 Apportation              Tloc           16%          9%          1
 Summon Small Mammal      Summ           32%          9%          1
 Slow                     Hex            8%           12%         2
 Confusing Touch          Hex            8%           24%         3
 Inner Flame              Hex/Fire       8%           24%         3
 Portal Projectile        Hex/Tloc       16%          24%         3
 Cause Fear               Hex            4%           63%         4
 Leda's Liquefaction      Hex/Erth       4%           63%         4
 Petrify                  Tmut/Erth      8%           63%         4
 Metabolic Englaciation   Hex/Ice        4%           92%         5
 Yara's Violent Unravell  Hex/Tmut       4%           92%         5


Dungeon Overview and Level Annotations

Branches:
Dungeon (9/15)             Temple (1/1) D:6            Lair (0/6) D:9
  Sewer (visited)
    Orc: D:9-12

Altars:
Ashenzari
Cheibriados
Dithmenos
Elyvilon
Fedhas
Gozag
Hepliaklqana
Kikubaaqudgha
Makhleb
Nemelex Xobeh
Okawaru
Qazlal
Ru
Sif Muna
Trog
Uskayaw
Vehumet
Wu Jian
Xom
Yredelemnul
Zin
The Shining One

Shops:
D:5 }   D:6 :


Innate Abilities, Weirdness & Mutations

Armour fits poorly on your strangely shaped body.
You are robust. (+10% HP)
You are resistant to electric shocks. (rElec)


Message History

Okay, then.
Okay, then.
You feel much better. The warg closely misses you. The warg barely misses you.
You feel very mighty all of a sudden. The warg bites you! The warg bites you.
The orc priest casts a cantrip, but nothing happens.
Unknown command.
A red film seems to cover your vision as you go berserk!
You feel yourself moving faster!
You feel mighty! The warg bites you! x2
You closely miss the warg. The warg bites you! The warg barely misses you.
Unknown command.
You barely miss the warg. The warg bites you!
* * * LOW HITPOINT WARNING * * *
The warg bites you!
* * * LOW HITPOINT WARNING * * *
Unknown command.
You puncture the warg!
The warg is moderately wounded.
The warg bites you!
You die...

...# #......#..#
...# ########..#
...# #............#
...## ............#
.. .c..........#
...## #..######...#
.....##..#....#...#
..P...#..#.h..#..##
.........#oh@.#..#
o....h...#'####..#
........((.......#
......#..........#
.....##..........#
...## #..........#
.. ............# .
.###..#####..# #
#..# #..#


You could see 2 wargs and an orc priest.

Vanquished Creatures
  2 trolls (D:9)
  Edmund (D:6)
  A sky beast (D:6)
  2 ice beasts
  A black bear (D:7)
  5 ogres
  2 phantoms
  3 centaurs
  A big kobold (Sewer)
  A bullfrog (D:7)
  5 killer bees (D:8)
  2 howler monkeys (D:7)
  5 hounds
  A jelly (D:5)
  5 orc wizards
  Ijyb (D:4)
  An iguana (D:5)
  6 worker ants
  13 adders
  4 gnolls (D:6)
  2 river rats (D:6)
  A shadow imp (D:5)
  3 white imps
  2 ufetubi
  2 oozes
  An adder zombie (D:8)
  4 worms
  A dart slug (D:2)
  8 leopard geckos
  20 orcs
  9 ball pythons
  8 giant cockroaches
  6 goblins
  10 hobgoblins
  10 jackals
  22 kobolds
  2 quokkas
  8 bats
  9 frilled lizards
  A leopard gecko skeleton (D:6)
  A leopard gecko zombie (D:8)
  12 rats
204 creatures vanquished.

Vanquished Creatures (collateral kills)
  An ogre (D:5)
  A hound skeleton (D:5)
  An orc (D:5)
  A kobold (Sewer)
4 creatures vanquished.

Vanquished Creatures (others)
  A wizard (D:4)
  An ogre (D:5)
  A worker ant (D:5)
  A hobgoblin (D:5)
  A frilled lizard (D:5)
  3 kobolds (D:5)
8 creatures vanquished.

Grand Total: 216 creatures vanquished

Notes
Turn   | Place    | Note
-------+----------+-------------------------------------------
     0 | D:1      | Amplified the Deep Elf Necromancer began the quest for the
                  | Orb.
     0 | D:1      | Reached XP level 1. HP: 10/10 MP: 6/6
   487 | D:1      | Reached skill level 5 in Necromancy
   487 | D:1      | Reached XP level 2. HP: 12/16 MP: 5/8
   827 | D:1      | Learned a level 1 spell: Animate Skeleton
  1603 | D:2      | Reached skill level 1 in Fighting
  1603 | D:2      | Reached XP level 3. HP: 16/20 MP: 8/10
  2528 | D:2      | Reached XP level 4. HP: 21/25 MP: 6/11
  3478 | D:3      | Found a bloodstained altar of Trog.
  3516 | D:3      | Reached XP level 5. HP: 17/30 MP: 13/13
  4055 | D:3      | Learned a level 3 spell: Vampiric Draining
  4103 | D:4      | Noticed a centaur
  4286 | D:4      | Noticed Ijyb
  4291 | D:5      | Entered Level 5 of the Dungeon
  4311 | D:5      | Learned a level 4 spell: Animate Dead
  4426 | D:5      | Noticed an ogre
  4435 | D:5      | Killed an ogre
  4436 | D:5      | Reached skill level 5 in Spellcasting
  4436 | D:5      | Reached XP level 6. HP: 32/36 MP: 12/15
  4583 | D:5      | Noticed an ice beast
  4649 | D:5      | Killed an ice beast
  4915 | D:5      | Reached XP level 7. HP: 38/40 MP: 14/17
  5193 | D:5      | Found Buipnol's Gadget Emporium.
  5276 | D:5      | Reached skill level 5 in Dodging
  5828 | D:4      | Killed Ijyb
  6071 | D:4      | Found a bloodstained altar of Trog.
  6074 | D:4      | Noticed a wizard
  6080 | D:4      | Killed a wizard
  6567 | D:6      | Found Oprif's Book Shoppe.
  6629 | D:6      | Noticed Edmund
  6646 | D:6      | Gained mutation: You are robust. (+10% HP) [potion of
                  | mutation]
  6646 | D:6      | Gained mutation: Armour fits poorly on your strangely
                  | shaped body. [potion of mutation]
  6646 | D:6      | Gained mutation: You are resistant to electric shocks.
                  | (rElec) [potion of mutation]
  6738 | D:6      | Found a glowing drain.
  6743 | Sewer    | Entered a sewer
  7905 | D:6      | Reached XP level 8. HP: 39/51 MP: 20/20
  7921 | D:6      | Learned a level 5 spell: Agony
  8167 | D:6      | Learned a level 1 spell: Corona
  8580 | D:6      | Found a staircase to the Ecumenical Temple.
  8663 | D:6      | Killed Edmund
  8735 | Temple   | Entered the Ecumenical Temple
  8861 | Temple   | Became a worshipper of Sif Muna the Loreminder
  9735 | D:7      | Reached XP level 9. HP: 43/57 MP: 23/23
 10364 | D:8      | Reached * piety under Sif Muna
 10708 | D:8      | Reached skill level 5 in Fighting
 11430 | D:9      | Learned a level 3 spell: Gell's Gravitas
 11516 | D:9      | Noticed a troll
 11522 | D:9      | Killed a troll
 11650 | D:9      | Noticed a troll
 11655 | D:9      | Killed a troll
 11891 | D:9      | Found a staircase to the Lair.
 11904 | D:9      | Mangled by a warg

Illustrated notes

Levels and vault maps discovered:
D:1:      dpeg_arrival_orchard, layout_basic
D:2:      layout_basic
D:3:      layout_basic, lemuel_doored_altar
D:4:      layout_rooms, trog_wizard, uniq_ijyb
D:5:      cheibrodos_thug_alley, layout_loops_ring, serial_shops, shop,
          lemuel_flamethrower_2
D:6:      layout_cave_pods, lemuel_temple_firewalk_b, portal_sewer_entry_e,
          serial_shops, kennysheep_little_box, kennysheep_doodads,
          minmay_fountain_box, uniq_edmund
D:7:      lemuel_ice_spiral_2, layout_basic
D:8:      layout_gridville, grunt_dithmenos_smoke_and_mirrors
D:9:      layout_irregular_city, erik_lair_orcish_takeover, serial_shops,
          nicolae_shop_behind_doors, grunt_decor_arrowhead
Temple:   compressed_dpeg_circular_temple

Skill      XL: |  1  2  3  4  5  6  7  8  9 |
---------------+----------------------------+-----
Necromancy     | 5 6 7 8 9 |  9.4
Fighting       | 1 2 3 4 5 |  5.5
Dodging        | 3 4 5 7 8 |  8.4
Spellcasting   | 4 5 6 8 9 |  9.3
Stealth        | |  2.4

Action                   |  1- 3 |  4- 6 |  7- 9 || total
-------------------------+-------+-------+-------++-------
Melee: Unarmed           |    10 |       |       ||    10
       Dagger            |    34 |    92 |   187 ||   313
       Spear             |       |       |   209 ||   209
Throw: Dart              |       |       |     8 ||     8
 Cast: Pain              |    62 |    53 |    53 ||   168
       Animate Skeleton  |     2 |       |     5 ||     7
       Animate Dead      |       |     2 |       ||     2
       Vampiric Draining |       |       |    53 ||    53
       Corona            |       |       |     2 ||     2
       Gell's Gravitas   |       |       |     1 ||     1
Evoke: Wand              |       |     6 |    23 ||    29
  Use: Scroll            |     2 |     7 |    10 ||    19
       Potion            |     1 |     3 |    15 ||    19
 Stab: Sleeping          |       |     3 |    10 ||    13
       Betrayed ally     |       |     1 |       ||     1
Armor: Robe              |     8 |    14 |    87 ||   109
       Skin              |       |     9 |       ||     9
Dodge: Dodged            |    41 |    70 |   456 ||   567
Block: Tower shield      |       |       |     2 ||     2
